PAA
NORTHVILLE ECLIPSE @ ITHACA FIGHTING IMPS
06/09/2042
 
TOP OF THE 1ST
Northville Eclipse batting - Pitching for Ithaca Fighting Imps : LHP Luis Matos
Pitching: LHP Luis Matos
Batting: RHB Junji Ito 0-0: Ball
1-0: Ball
2-0: Called Strike
2-1: Ball
3-1: Base on Balls
Batting: RHB Daniel Marley 0-0: Foul Ball, location: 2F
0-1: Ball
1-1: Fly out, F9 (Flyball, 9D, EV 101.9 MPH)
Batting: RHB Ricardo Urby 0-0: Called Strike
0-1: SINGLE (Line Drive, 3D, EV 96.9 MPH)
Junji Ito to second
Batting: LHB Rafael Martínez 0-0: Ball
1-0: Swinging Strike
1-1: Swinging Strike
1-2: Ball
2-2: Ball
3-2: Foul Ball, location: 2F
3-2: Strikes out swinging
Batting: RHB Lex van Esch 0-0: Called Strike
0-1: Foul Ball, location: 2F
0-2: SINGLE (Line Drive, 9S, EV 108.8 MPH)
Junji Ito to third
Ricardo Urby to second
Runner from 3rd tries for Home, SAFE, throw by RF to home
Batting: RHB Jesús Mancebo 0-0: Called Strike
0-1: Swinging Strike
0-2: Ball
1-2: SINGLE (Line Drive, 89S, EV 93.8 MPH)
Ricardo Urby to third
Lex van Esch to second
Runner from 3rd tries for Home, SAFE, no throw by RF
Batting: RHB Rafael Manawis 0-0: Swinging Strike
0-1: Called Strike
0-2: Ball
1-2: Strikes out swinging
Top of the 1st over - 2 runs, 3 hits, 0 errors, 2 left on base; Northville 2 - Ithaca 0
BOTTOM OF THE 1ST
Ithaca Fighting Imps batting - Pitching for Northville Eclipse : RHP John Sparks
Pitching: RHP John Sparks
Batting: RHB Daryl Pethick 0-0: Swinging Strike
0-1: Ball
1-1: Called Strike
1-2: Strikes out swinging
Batting: LHB Pedro Gonzáles 0-0: Called Strike
0-1: Ball
1-1: Called Strike
1-2: Foul Ball, location: 2F
1-2: Ground out 6-3 (Groundball, 6, EV 104.4 MPH)
Batting: RHB Aloysius Szymanski 0-0: Ball
1-0: Called Strike
1-1: Ground out 6-3 (Groundball, 6, EV 83.8 MPH)
Bottom of the 1st over - 0 runs, 0 hits, 0 errors, 0 left on base; Northville 2 - Ithaca 0
TOP OF THE 2ND
Northville Eclipse batting - Pitching for Ithaca Fighting Imps : LHP Luis Matos
Batting: RHB Bastien Oudin 0-0: Called Strike
0-1: Ball
1-1: Ball
2-1: Ball
3-1: Foul Ball, location: 2F
3-2: Ground out 5-3 (Groundball, 56, EV 108.1 MPH)
Batting: LHB John Kersey 0-0: Ball
1-0: Called Strike
1-1: Foul Ball, location: 2F
1-2: Ball
2-2: Ball
3-2: Ground out U3 (Groundball, 34, EV 85.0 MPH)
Batting: RHB Junji Ito 0-0: Ball
1-0: Foul Ball, location: 2F
1-1: Ball
2-1: Fly out, F8 (Line Drive, 8LM, EV 91.2 MPH)
Top of the 2nd over - 0 runs, 0 hits, 0 errors, 0 left on base; Northville 2 - Ithaca 0
BOTTOM OF THE 2ND
Ithaca Fighting Imps batting - Pitching for Northville Eclipse : RHP John Sparks
Batting: SHB Paul Wood 0-0: Foul Ball, location: 2F
0-1: Ball
1-1: Foul Ball, location: 2F
1-2: Foul Ball, location: 2F
1-2: Ball
2-2: SINGLE (Groundball, 5D, EV 105.6 MPH)
Batting: LHB Robbie Care 0-0: Foul Ball, location: 2F
0-1: Foul Ball, location: 2F
0-2: SINGLE (Groundball, 6MD, EV 105.6 MPH)
Paul Wood to second
Runner from 2nd tries for 3rd, SAFE, throw by CF made to third
Batting: LHB Jimmy Wilcox 0-0: Foul Ball, location: 2F
0-1: Ball
1-1: DOUBLE (Flyball, 78D, EV 87.5 MPH)
Paul Wood scores
Robbie Care to third
Batting: RHB J.J. Holmes 0-0: Ball
1-0: Foul Ball, location: 2F
1-1: Ball
2-1: Called Strike
2-2: SINGLE (Popup, 5D, EV 60.0 MPH)
Robbie Care scores
Jimmy Wilcox to third
Batting: RHB Adrián Xirau 0-0: Ball
1-0: Ball
2-0: DOUBLE (Line Drive, 9LS, EV 91.2 MPH)
Jimmy Wilcox scores
J.J. Holmes to third
Batting: RHB Pedro Costa 0-0: Ball
1-0: Called Strike
1-1: DOUBLE (Line Drive, 8RXD, EV 110.0 MPH)
J.J. Holmes scores
Adrián Xirau scores
Batting: RHB Daryl Pethick 0-0: Ball
1-0: Ball
2-0: Ball
3-0: Called Strike
3-1: Ground out 5-3 (Groundball, 56S, EV 79.4 MPH)
Batting: LHB Pedro Gonzáles 0-0: Ball
1-0: Swinging Strike
1-1: Called Strike
1-2: Fly out, F8 (Flyball, 8LM, EV 87.5 MPH)
Batting: RHB Aloysius Szymanski 0-0: Ball
1-0: Fly out, F9 (Flyball, 9LM, EV 87.5 MPH)
Bottom of the 2nd over - 5 runs, 6 hits, 0 errors, 1 left on base; Northville 2 - Ithaca 5
TOP OF THE 3RD
Northville Eclipse batting - Pitching for Ithaca Fighting Imps : LHP Luis Matos
Batting: RHB Daniel Marley 0-0: Foul Ball, location: 2F
0-1: Foul Ball, location: 2F
0-2: Ball
1-2: Foul Ball, location: 2F
1-2: Foul Ball, location: 2F
1-2: Ball
2-2: Ball
3-2: Foul Ball, location: 2F
3-2: Strikes out swinging
Batting: RHB Ricardo Urby 0-0: Ball
1-0: SOLO HOME RUN (Flyball, 7D, EV 106.2 MPH), Distance : 372 ft
Batting: LHB Rafael Martínez 0-0: Ball
1-0: Swinging Strike
1-1: Ball
2-1: Called Strike
2-2: SINGLE (Line Drive, 9S, EV 106.2 MPH)
Batting: RHB Lex van Esch 0-0: Ball
1-0: Ball
2-0: Grounds into double play, 4-6-3 (Groundball, 4, EV 100.6 MPH)
Top of the 3rd over - 1 run, 2 hits, 0 errors, 0 left on base; Northville 3 - Ithaca 5
BOTTOM OF THE 3RD
Ithaca Fighting Imps batting - Pitching for Northville Eclipse : RHP John Sparks
Batting: SHB Paul Wood 0-0: Called Strike
0-1: Swinging Strike
0-2: Ball
1-2: Strikes out swinging
Batting: LHB Robbie Care 0-0: Called Strike
0-1: Called Strike
0-2: Ball
1-2: SINGLE (Line Drive, 56, EV 95.0 MPH)
Batting: LHB Jimmy Wilcox 0-0: Ball
1-0: Ball
2-0: Ball
3-0: Called Strike
3-1: Base on Balls
Robbie Care to second
Batting: RHB J.J. Holmes 0-0: Ball
1-0: Fly out, F9 (Line Drive, 9, EV 93.1 MPH)
Runner from 2nd tags up, SAFE at 3rd with throw by RF
Batting: RHB Adrián Xirau 0-0: Ball
1-0: Fly out, F9 (Flyball, 9S, EV 90.0 MPH)
Bottom of the 3rd over - 0 runs, 1 hit, 0 errors, 2 left on base; Northville 3 - Ithaca 5
TOP OF THE 4TH
Northville Eclipse batting - Pitching for Ithaca Fighting Imps : LHP Luis Matos
Batting: RHB Jesús Mancebo 0-0: Called Strike
0-1: Ball
1-1: Swinging Strike
1-2: Ball
2-2: Foul Ball, location: 2F
2-2: Strikes out looking
Batting: RHB Rafael Manawis 0-0: Ball
1-0: SINGLE (Flyball, 89S, EV 84.4 MPH)
Batting: RHB Bastien Oudin 0-0: Ball
1-0: Foul Ball, location: 2F
1-1: Ball
2-1: Ball
3-1: Fly out, F6 (Popup, 6S, EV 69.4 MPH)
Batting: LHB John Kersey 0-0: Ball
1-0: Foul Ball, location: 2F
1-1: SINGLE (Line Drive, 4MD, EV 110.0 MPH)
Rafael Manawis to second
Batting: RHB Junji Ito 0-0: Called Strike
0-1: Ground out 1-3 (Groundball, P, EV 69.4 MPH)
Top of the 4th over - 0 runs, 2 hits, 0 errors, 2 left on base; Northville 3 - Ithaca 5
BOTTOM OF THE 4TH
Ithaca Fighting Imps batting - Pitching for Northville Eclipse : RHP John Sparks
Batting: RHB Pedro Costa 0-0: Called Strike
0-1: Ball
1-1: Ball
2-1: Swinging Strike
2-2: Ball
3-2: Strikes out looking
Batting: RHB Daryl Pethick 0-0: Ball
1-0: Foul Ball, location: 2F
1-1: Ball
2-1: Foul Ball, location: 2F
2-2: Ball
3-2: Ground out 5-3 (Groundball, 5S, EV 61.9 MPH)
Batting: LHB Pedro Gonzáles 0-0: Foul Ball, location: 2F
0-1: Foul Ball, location: 2F
0-2: Ball
1-2: Strikes out swinging
Bottom of the 4th over - 0 runs, 0 hits, 0 errors, 0 left on base; Northville 3 - Ithaca 5
TOP OF THE 5TH
Northville Eclipse batting - Pitching for Ithaca Fighting Imps : LHP Luis Matos
Batting: RHB Daniel Marley 0-0: Ball
1-0: Ball
2-0: Foul Ball, location: 2F
2-1: Called Strike
2-2: SINGLE (Groundball, 6MD, EV 104.4 MPH)
Batting: RHB Ricardo Urby 0-0: Ball
1-0: Called Strike
1-1: Ball
2-1: Swinging Strike
2-2: Foul Ball, location: 2F
2-2: Ball
3-2: Base on Balls
Daniel Marley to second
Batting: LHB Rafael Martínez 0-0: Ball
1-0: Ball
2-0: 3-RUN HOME RUN (Flyball, 9D, EV 100.6 MPH), Distance : 381 ft
Pitching: RHP Alberto Cruz
Batting: RHB Lex van Esch 0-0: Foul Ball, location: 2F
0-1: Ball
1-1: SINGLE (Groundball, 4D, EV 101.9 MPH)
Batting: RHB Jesús Mancebo 0-0: Ball
1-0: Ball
2-0: SINGLE (Flyball, 4D, EV 90.6 MPH)
Lex van Esch to second
Batting: RHB Rafael Manawis 0-0: Called Strike
0-1: Foul Ball, location: 2F
0-2: Fly out, F8 (Flyball, 8RM, EV 77.5 MPH)
Batting: RHB Bastien Oudin 0-0: Fielders Choice at 2nd, 6-4 (Groundball, 6, EV 85.0 MPH)
Lex van Esch to third
Batting: LHB John Kersey 0-0: Ball
1-0: Ball
2-0: Ball
3-0: Called Strike
3-1: Base on Balls
Bastien Oudin to second
Batting: RHB Junji Ito 0-0: Ball
1-0: Ball
2-0: Fielders Choice at 2nd, 6-4 (Groundball, 6, EV 105.0 MPH)
Top of the 5th over - 3 runs, 4 hits, 0 errors, 3 left on base; Northville 6 - Ithaca 5
BOTTOM OF THE 5TH
Ithaca Fighting Imps batting - Pitching for Northville Eclipse : RHP John Sparks
Batting: RHB Aloysius Szymanski 0-0: Called Strike
0-1: Ball
1-1: Fly out, F9 (Flyball, 9LM, EV 87.5 MPH)
Batting: SHB Paul Wood 0-0: Ball
1-0: Ball
2-0: SINGLE (Line Drive, 9S, EV 97.5 MPH)
Batting: LHB Robbie Care 0-0: Fly out, F7 (Flyball, 78D, EV 90.0 MPH)
Batting: LHB Jimmy Wilcox 0-0: Ball
1-0: Foul Ball, location: 2F
1-1: Ball
2-1: Called Strike
2-2: Ball
3-2: Strikes out looking
Bottom of the 5th over - 0 runs, 1 hit, 0 errors, 1 left on base; Northville 6 - Ithaca 5
TOP OF THE 6TH
Northville Eclipse batting - Pitching for Ithaca Fighting Imps : RHP Alberto Cruz
Batting: RHB Daniel Marley 0-0: Ball
1-0: SINGLE (Flyball, 7S, EV 86.2 MPH)
Batting: RHB Ricardo Urby 0-0: Ball
1-0: Ball
2-0: Ball
3-0: Called Strike
3-1: Base on Balls
Daniel Marley to second
Batting: LHB Rafael Martínez 0-0: Ball
1-0: Ball
2-0: Foul Ball, location: 2F
2-1: 3-RUN HOME RUN (Line Drive, 89XD, EV 100.6 MPH), Distance : 403 ft
Pitching: RHP Moriz Gaidamakin
Batting: RHB Lex van Esch 0-0: SINGLE (Flyball, 7S, EV 85.6 MPH)
Batting: RHB Jesús Mancebo 0-0: Called Strike
0-1: Swinging Strike
0-2: Strikes out swinging
Batting: RHB Rafael Manawis 0-0: Called Strike
0-1: Called Strike
0-2: Ball
1-2: Foul Ball, location: 2F
1-2: Strikes out looking
Batting: RHB Bastien Oudin 0-0: Called Strike
0-1: Called Strike
0-2: Foul Ball, location: 2F
0-2: Strikes out looking
Top of the 6th over - 3 runs, 3 hits, 0 errors, 1 left on base; Northville 9 - Ithaca 5
BOTTOM OF THE 6TH
Ithaca Fighting Imps batting - Pitching for Northville Eclipse : RHP John Sparks
Pitching: LHP Ryson Polonius
Batting: RHB J.J. Holmes 0-0: Called Strike
0-1: Swinging Strike
0-2: Foul Ball, location: 2F
0-2: Ball
1-2: Strikes out swinging
Batting: RHB Adrián Xirau 0-0: TRIPLE (Line Drive, 9LD, EV 110.0 MPH)
Batting: RHB Pedro Costa 0-0: Ball
1-0: Called Strike
1-1: Foul Ball, location: 2F
1-2: Foul Ball, location: 2F
1-2: Foul Ball, location: 2F
1-2: Ball
2-2: Ball
3-2: Fly out, F2 (Popup, 15S, EV 83.8 MPH)
Batting: RHB Daryl Pethick 0-0: Swinging Strike
0-1: Ball
1-1: Foul Ball, location: 2F
1-2: Reached on error, E6 (Groundball, 6, EV 80.6 MPH)
Adrián Xirau scores
Batting: LHB Pedro Gonzáles 0-0: Foul Ball, location: 2F
0-1: Ball
1-1: Ground out 2-3 (Groundball, 15S, EV 60.0 MPH)
Bottom of the 6th over - 1 run, 1 hit, 1 error, 1 left on base; Northville 9 - Ithaca 6
TOP OF THE 7TH
Northville Eclipse batting - Pitching for Ithaca Fighting Imps : RHP Moriz Gaidamakin
Batting: LHB John Kersey 0-0: Ball
1-0: Ball
2-0: Swinging Strike
2-1: Foul Ball, location: 2F
2-2: Ball
3-2: Foul Ball, location: 2F
3-2: Foul Ball, location: 2F
3-2: Base on Balls
Batting: RHB Junji Ito 0-0: Ball
1-0: Bunt missed!
1-1: Bunted foul
1-2: Ball
2-2: Ball
3-2: Base on Balls
John Kersey to second
Batting: RHB Daniel Marley 0-0: Ball
1-0: SINGLE (Groundball, 6MD, EV 100.0 MPH)
John Kersey to third
Junji Ito to second
Batting: RHB Ricardo Urby 0-0: Ball
1-0: Ball
2-0: Called Strike
2-1: Called Strike
2-2: Ball
3-2: Base on Balls
John Kersey scores
Junji Ito to third
Daniel Marley to second
Pitching: RHP Marcos Córdova
Batting: LHB Rafael Martínez 0-0: Ball
1-0: Ball
2-0: Ball
3-0: Called Strike
3-1: Base on Balls
Junji Ito scores
Daniel Marley to third
Ricardo Urby to second
Batting: RHB Lex van Esch 0-0: Called Strike
0-1: Swinging Strike
0-2: Strikes out looking
Batting: RHB Jesús Mancebo 0-0: Ball
1-0: Ball
2-0: Fly out, F3 (Popup, 3F, EV 73.8 MPH)
Batting: RHB Rafael Manawis 0-0: Called Strike
0-1: Ball
1-1: Ball
2-1: Ball
3-1: SINGLE (Groundball, 6MD, EV 94.4 MPH)
Daniel Marley scores
Ricardo Urby to third
Rafael Martínez to second
Runner from 3rd tries for Home, SAFE, no throw by CF
Batting: RHB Bastien Oudin 0-0: Ball
1-0: Ball
2-0: Foul Ball, location: 2F
2-1: Called Strike
2-2: Ball
3-2: Strikes out swinging
Top of the 7th over - 4 runs, 2 hits, 0 errors, 2 left on base; Northville 13 - Ithaca 6
BOTTOM OF THE 7TH
Ithaca Fighting Imps batting - Pitching for Northville Eclipse : LHP Ryson Polonius
Pinch Hitting: SHB Borisav Aleksic 0-0: Ball
1-0: Called Strike
1-1: Foul Ball, location: 2F
1-2: Fly out, F9 (Flyball, 89M, EV 94.4 MPH)
Pinch Hitting: RHB Ted Norman 0-0: Called Strike
0-1: DOUBLE (Line Drive, 78D, EV 107.5 MPH)
Batting: LHB Robbie Care 0-0: Ball
1-0: Called Strike
1-1: Ground out U3 (Groundball, 3L, EV 104.4 MPH)
Ted Norman to third
Batting: LHB Jimmy Wilcox 0-0: Ball
1-0: Foul Ball, location: 2F
1-1: Ball
2-1: Foul Ball, location: 2F
2-2: Ball
3-2: Ground out 3-1 (Groundball, 34, EV 101.9 MPH)
Bottom of the 7th over - 0 runs, 1 hit, 0 errors, 1 left on base; Northville 13 - Ithaca 6
TOP OF THE 8TH
Northville Eclipse batting - Pitching for Ithaca Fighting Imps : RHP Marcos Córdova
Now at 1B: Borisav Aleksic
Now in LF: Ted Norman
Batting: LHB John Kersey 0-0: Called Strike
0-1: Swinging Strike
0-2: Ball
1-2: Strikes out swinging
Pinch Hitting: RHB Daniel Divina 0-0: Ball
1-0: Foul Ball, location: 2F
1-1: Hit by Pitch
Batting: RHB Daniel Marley 0-0: Ball
1-0: Called Strike
1-1: Reached on error, E5 (Groundball, 56, EV 85.0 MPH)
Daniel Divina to second
Batting: RHB Ricardo Urby 0-0: Called Strike
0-1: Ball
1-1: 3-RUN HOME RUN (Flyball, 7D, EV 113.8 MPH), Distance : 385 ft
Batting: LHB Rafael Martínez 0-0: Called Strike
0-1: Foul Ball, location: 2F
0-2: Foul Ball, location: 2F
0-2: Ball
1-2: Foul Ball, location: 2F
1-2: Foul Ball, location: 2F
1-2: Ball
2-2: Foul Ball, location: 2F
2-2: Fly out, F8 (Flyball, 8LD, EV 88.8 MPH)
Batting: RHB Lex van Esch 0-0: Called Strike
0-1: Called Strike
0-2: Fly out, F9 (Line Drive, 9, EV 88.8 MPH)
Top of the 8th over - 3 runs, 1 hit, 1 error, 0 left on base; Northville 16 - Ithaca 6
BOTTOM OF THE 8TH
Ithaca Fighting Imps batting - Pitching for Northville Eclipse : LHP Ryson Polonius
Now at 2B: Daniel Divina
Batting: RHB J.J. Holmes 0-0: Ball
1-0: Fly out, F9 (Flyball, 9, EV 90.0 MPH)
Batting: RHB Adrián Xirau 0-0: SINGLE (Groundball, 56D, EV 95.0 MPH)
Pitching: RHP Jiao-long Yuen
Batting: RHB Pedro Costa 0-0: Ball
1-0: Grounds into double play, 5-4-3 (Groundball, 56, EV 90.6 MPH)
Bottom of the 8th over - 0 runs, 1 hit, 0 errors, 0 left on base; Northville 16 - Ithaca 6
TOP OF THE 9TH
Northville Eclipse batting - Pitching for Ithaca Fighting Imps : RHP Marcos Córdova
Pitching: RHP Jesús Solís
Batting: RHB Jesús Mancebo 0-0: Called Strike
0-1: Ball
1-1: Ball
2-1: Ball
3-1: Foul Ball, location: 2F
3-2: Base on Balls
Batting: RHB Rafael Manawis 0-0: Ball
1-0: Swinging Strike
1-1: Called Strike
1-2: SINGLE (Line Drive, 78M, EV 102.5 MPH)
Jesús Mancebo to second
Batting: RHB Bastien Oudin 0-0: Ball
1-0: Swinging Strike
1-1: Swinging Strike
1-2: Fly out, F9 (Line Drive, 9, EV 92.5 MPH)
Batting: LHB John Kersey 0-0: Swinging Strike
0-1: Ball
1-1: Ball
2-1: Foul Ball, location: 2F
2-2: Ball
3-2: Fly out, F7 (Flyball, 78D, EV 108.1 MPH)
Batting: RHB Daniel Divina 0-0: Called Strike
0-1: Called Strike
0-2: Ball
1-2: Ball
2-2: Ground out 4-3 (Groundball, 4S, EV 81.2 MPH)
Top of the 9th over - 0 runs, 1 hit, 0 errors, 2 left on base; Northville 16 - Ithaca 6
BOTTOM OF THE 9TH
Ithaca Fighting Imps batting - Pitching for Northville Eclipse : RHP Jiao-long Yuen
Batting: RHB Daryl Pethick 0-0: Called Strike
0-1: SINGLE (Line Drive, 56, EV 104.4 MPH)
Batting: LHB Pedro Gonzáles 0-0: Ball
1-0: Ball
2-0: Called Strike
2-1: Fly out, F6 (Line Drive, 6, EV 60.0 MPH)
Batting: SHB Borisav Aleksic 0-0: Fly out, F7 (Line Drive, 7, EV 98.1 MPH)
Batting: RHB Ted Norman 0-0: Called Strike
0-1: Called Strike
0-2: Strikes out looking
Bottom of the 9th over - 0 runs, 1 hit, 0 errors, 1 left on base; Northville 16 - Ithaca 6
Friday, March 26th, 2021 - OOTP Baseball 20.8 Build 74